 Dungeon Crawl Stone Soup version 0.28.0-43-g3370ac3207 (webtiles) character file.

Game seed: 3408354769981383001

15 croobank the Firebug (level 2, -6/19 HPs)
             Began as a Human Fire Elementalist on Mar 4, 2022.
             Mangled by a worm (10 damage)
             ... on level 2 of the Dungeon.
             The game lasted 00:04:05 (973 turns).

croobank the Firebug (Human Fire Elementalist)       Turns: 973, Time: 00:04:05

Health: -6/19      AC:  2    Str:  8    XL:     2   Next: 65%
Magic:  0/5        EV: 12    Int: 15    God:
Gold:   40         SH:  0    Dex: 13    Spells: 4/5 levels left

rFire   . . .      SeeInvis .   c - +0 hand axe
rCold   . . .      Faith    .   (no shield)
rNeg    . . .      Spirit   .   a - +0 robe
rPois   .          Reflect  .   (no helmet)
rElec   .          Harm     .   (no cloak)
rCorr   .          Rampage  .   (no gloves)
Will    .....                   (no boots)
Stlth   ++........              (no amulet)
HPRegen 0.06/turn               (no ring)
MPRegen 0.09/turn               (no ring)

@: no status effects
A: no striking features
a: no special abilities


You were on level 2 of the Dungeon.
You visited 1 branch of the dungeon, and saw 2 of its levels.

You collected 40 gold pieces.

Inventory:

Hand Weapons
 c - a +0 hand axe (weapon)
Armour
 a - a +0 robe (worn)
Scrolls
 b - a scroll of fear {unknown}
 d - a scroll of identify {unknown}
 e - a scroll of magic mapping {unknown}


   Skills:
 + Level 2.2 Dodging
 + Level 2.2 Stealth
 + Level 2.1 Spellcasting
 + Level 1.3 Conjurations
 + Level 3.1 Fire Magic


You had 4 spell levels left.
You knew the following spells:

 Your Spells              Type           Power      Damage    Failure   Level
a - Foxfire               Conj/Fire      32%        2x1d5     9%          1

Your spell library contained the following spells:

 Spells                   Type           Power      Damage    Failure   Level
 Scorch                   Fire           22%        2d6       9%          2
 Magic Dart               Conj           20%        1d4       13%         1
 Conjure Flame            Conj/Fire      8%         6-21      26%         3
 Call Imp                 Summ           1%         N/A       32%         2
 Inner Flame              Hex/Fire       6%         N/A       34%         3
 Mephitic Cloud           Conj/Pois/Air  2%         N/A       50%         3
 Flame Wave               Conj/Fire      8%         2d5       65%         4


Dungeon Overview and Level Annotations

Branches:
Dungeon (2/15)

Altars:


Message History

The worm is severely wounded.
Your magical contamination has completely faded away.
Casting: Foxfire (safe; 9% risk of failure)
Confirm with . or Enter, or press ? or * to list all spells.
You conjure some foxfire!
The foxfire hits the worm.
The worm is heavily wounded.
The foxfire hits the worm.
The worm is almost dead.
Casting: Foxfire (safe; 9% risk of failure)
Confirm with . or Enter, or press ? or * to list all spells.
You conjure some foxfire!
The foxfire hits the worm.
The worm is severely wounded.
The foxfire hits the worm but does no damage.
The worm is severely wounded.
Casting: Foxfire (safe; 9% risk of failure)
Confirm with . or Enter, or press ? or * to list all spells.
You don't have enough magic to cast this spell.
Casting: Foxfire (safe; 9% risk of failure)
Confirm with . or Enter, or press ? or * to list all spells.
You don't have enough magic to cast this spell.
Casting: Foxfire (safe; 9% risk of failure)
Confirm with . or Enter, or press ? or * to list all spells.
Okay, then.
Casting: Foxfire (safe; 9% risk of failure)
Confirm with . or Enter, or press ? or * to list all spells.
You conjure some foxfire!
You hit the worm.
The worm is severely wounded.
The foxfire hits the worm.
The worm is severely wounded.
The foxfire hits the worm but does no damage.
The worm is severely wounded.
The worm closely misses you.
You hit the worm.
The worm is almost dead.
The worm bites you!
Ouch! That really hurt!
You die...

#...#
#...#
##...#
#....#
#.####
♣♣###.#
♣♣.....#
♣♣......#
♣.@w...##
♣.♣....##
♣♣♣♣♣###


You could see a worm.

Vanquished Creatures
  A bat (D:1)
  An endoplasm (D:1)
  A giant cockroach (D:2)
  2 goblins (D:1)
  A hobgoblin (D:1)
  2 quokkas (D:1)
  3 ball pythons (D:1)
  A kobold (D:1)
  2 rats (D:1)
14 creatures vanquished.

Vanquished Creatures (others)
  43 foxfires
43 creatures vanquished.

Grand Total: 57 creatures vanquished

Notes
Turn   | Place    | Note
-------+----------+-------------------------------------------
     0 | D:1      | croobank the Human Fire Elementalist began the quest for
                  | the Orb.
     0 | D:1      | Reached XP level 1. HP: 13/13 MP: 3/3
     0 | D:1      | Noticed a minotaur skeleton
     9 | D:1      | Noticed a minotaur skeleton
    13 | D:1      | Noticed a minotaur skeleton
   389 | D:1      | Reached XP level 2. HP: 19/19 MP: 0/5
   815 | D:1      | Found a faded altar of an unknown god.
   973 | D:2      | Mangled by a worm

Illustrated notes

Levels and vault maps discovered:
D:1:      shiori_arrival_whats_in_store_for_you, layout_loops_ring,
          hellmonk_ecumenical_altar_leap_of_faith
D:2:      layout_basic, serial_shops, nicolae_shop_hallway_plus,
          uniq_crazy_yiuf_cottage

Action                   || total
-------------------------++-------
Melee: Unarmed           ||     1
       Hand axe          ||    10
 Cast: Foxfire           ||    27
Armor: Robe              ||     4
Dodge: Dodged            ||    16
